 Dungeon Crawl Stone Soup version 0.30-a0-743-gbfdf073431 (webtiles) character file.

Game seed: 7685926484057188768

37 karrick the Shield-Bearer (level 3, -3/23 HPs)
             Began as a Gargoyle Fighter on Feb 5, 2023.
             Slain by Natasha (7 damage)
             ... on level 2 of the Dungeon on Feb 8, 2023.
             The game lasted 00:03:18 (1026 turns).

karrick the Shield-Bearer (Gargoyle Fighter)        Turns: 1026, Time: 00:03:19

Health: -3/23      AC: 10    Str: 19    XL:     3   Next: 39%
Magic:  3/3        EV:  9    Int:  8    God:
Gold:   45         SH:  4    Dex: 11    Spells: 2/2 levels left

rFire   . . .      SeeInvis .    a - +0 war axe
rCold   . . .      Faith    .    c - +0 buckler
rNeg    + . .      Spirit   .    b - +0 scale mail
rPois   ∞          Reflect  .    (no helmet)
rElec   +          Harm     .    (no cloak)
rCorr   .          Rampage  .    (no gloves)
Will    .....                    (no boots) Stlth
                                 (no amulet)
HPRegen 0.23/turn                (no ring)
MPRegen 0.08/turn                (no ring)

@: slowed, very slow
A: sickness immunity, AC +3, negative energy resistance 1, electricity
resistance, torment resistance 1, petrification resistance
a: no special abilities


You were on level 2 of the Dungeon.
You visited 1 branch of the dungeon, and saw 2 of its levels.

You collected 45 gold pieces.

Inventory:

Hand Weapons
 a - a +0 war axe (weapon)
Armour
 b - a +0 scale mail (worn)
 c - a +0 buckler (worn)
Scrolls
 e - 2 scrolls of enchant weapon {unknown}
 f - a scroll of poison {unknown}
 g - 2 scrolls of identify {unknown}
 h - 2 scrolls of enchant armour {unknown}
 i - a scroll of torment {unknown}
Potions
 d - a potion of degeneration {unknown}
 j - a potion of brilliance
 k - a potion of curing {unknown}


   Skills:
 + Level 3.5 Fighting
 + Level 2.2 Axes
 + Level 3.7 Armour
 + Level 3.8 Shields


You had 2 spell levels left.
You didn't know any spells.
Your spell library was empty.

Dungeon Overview and Level Annotations

Branches:
Dungeon (2/15)

Altars:

Annotations:
D:2 Natasha


Innate Abilities, Weirdness & Mutations

You are immune to sickness and miasma.
Your stone body is resilient. (AC +3)
You are immune to poison.
You resist negative energy. (rN+)
You are resistant to electric shocks. (rElec)
You are resistant to unholy torment.
You are immune to petrification.


Message History

Natasha is nearby!
Found 3 scrolls labelled SOLAGO LENOZUCS.
Natasha casts a spell at you.
You feel yourself slow down.
You hit Natasha.
Natasha is heavily wounded.
You block Natasha's attack. Natasha claws you but does no damage.
You hit Natasha.
Natasha is severely wounded.
Natasha barely misses you. Natasha claws you.
Natasha stares at you and mumbles some strange words.
The magic dart hits you.
You are too injured to fight recklessly!
You are too injured to fight recklessly!
You are too injured to fight recklessly!
You are too injured to fight recklessly!
You are too injured to fight recklessly!
You are too injured to fight recklessly!
You are too injured to fight recklessly!
You are too injured to fight recklessly!
You are too injured to fight recklessly!
You are too injured to fight recklessly!
You are too injured to fight recklessly!
Natasha is nearby!
You closely miss Natasha.
Natasha is severely wounded.
Natasha claws you but does no damage.
Natasha hisses.
Natasha mumbles some strange words.
You barely miss Natasha.
Natasha is severely wounded.
Natasha claws you!
* * * LOW HITPOINT WARNING * * *
Natasha misses you.
You hit Natasha but do no damage.
Natasha is severely wounded.
Natasha wildly gestures.
Natasha shimmers violently.
Natasha misses you. Natasha claws you!
You die...

...#####...#
#.#.#.#
...#####...#?..
#.#.#.#
.......'...#...#
#.#.#.#
...#####...#...#
#.#.# ...#
#...#...# #.#.#
...# ##'##...#
...# #.##...#
####
#.##...#########
#.##....@h5.....
#.####.#########
#.# #.# #.# #.#
#.# #.# #.# #.#
#.####.#
#......#
######.#


You could see an iron imp (summoned) and Natasha (empowered).

Vanquished Creatures
  4 endoplasms
  2 giant cockroaches (D:1)
  6 hobgoblins
  6 kobolds
  A quokka (D:1)
  4 ball pythons (D:1)
  4 bats
  2 frilled lizards (D:1)
  4 rats
33 creatures vanquished.

Notes
Turn   | Place    | Note
-------+----------+-------------------------------------------
     0 | D:1      | karrick the Gargoyle Fighter began the quest for the Orb.
     0 | D:1      | Reached XP level 1. HP: 14/14 MP: 1/1
   130 | D:1      | Reached XP level 2. HP: 19/19 MP: 2/2
   535 | D:1      | Reached XP level 3. HP: 17/23 MP: 3/3
  1019 | D:2      | Noticed Natasha
  1026 | D:2      | Slain by Natasha

Illustrated notes

Levels and vault maps discovered:
D:1:      wheals_arrival_shading, layout_loops_cross, minivault_4
D:2:      layout_basic, uniq_jessica, uniq_natasha

Skill      XL: |  1  2 |
---------------+-------+-----
Axes           | 2 |  2.2
Fighting       | |  3.5
Armour         | |  3.7
Shields        | |  3.8

Action                     || total
---------------------------++-------
  Melee: War axe           ||   105
    Use: Potion            ||     1
 Armour: Scale mail        ||    57
  Dodge: Dodged            ||    59
  Block: Buckler           ||    25

Table legend: (Time is in decaauts)
 A = Elapsed time spent in this place.
 B = Non-inter-level travel time spent in this place.
 C = Inter-level travel time spent in this place.
 D = Time resting spent in this place.
 E = Time spent auto-exploring this place.
 F = Levels seen in this place.
 G = Mean time per level.
                   A        B        C        D        E       F      G
               +--------+--------+--------+--------+--------+-----+--------+
         Total |   1075 |   1054 |     21 |      0 |    785 |   2 |  537.5 |
       Dungeon |   1075 |   1054 |     21 |      0 |    785 |   2 |  537.5 |
               +--------+--------+--------+--------+--------+-----+--------+

Top non-repeatable levels by time:
     D:1: 904 daAuts
     D:2: 171 daAuts
